woodfighter, chaotic female orcish Cavewoman --- --.-- --...-- ---------- |.....| |........| |.....--- --..|.....------------..*%^..| --- |...--..............%..%.....-- --@t |.- |.....-----.*....*.......|. |GfQ |.-- ---....|---................| |.Q.----..| ---.--|......[%....%.....| --QQ......| --- |......%...|.......| --.------- |....%....--.......-- --....... |.>+.--...| -%. .... --.---|.... ........ ..| -%.. -...%..- --- --... --.........|-.---...- |.......--.|........- --.....^........(.... |..--.---.|..|..|.-- ------- ----------- woodfighter the Young Cave Woman Experience level: 7 Strength: 25 Dexterity: 15 Constitution: 18 Intelligence: 7 Wisdom: 7 Charisma: 9 Health: 0(75) Energy: 14(14) Def: 11 Gold: 182 Moves: 3939 Dungeon seed: gronvkS0Z24JIA7O Game ID: woodfighter_1475407924 Your Inventory: Coins $ - 182 gold pieces Amulets n - a cursed amulet of restful sleep Weapons a - a +1 club b - a +2 sling (alternate weapon; not wielded) c - 3 +0 dwarvish spears (in quiver) C - a +0 dwarvish spear (weapon in hand) E - a rusty +0 dwarvish spear Armor e - an uncursed +2 dwarvish cloak (being worn) m - an uncursed +0 dwarvish cloak q - an uncursed +1 dwarvish cloak r - an uncursed rusty +0 pair of gauntlets of power (being worn) w - a blessed +0 dwarvish iron helm (being worn) z - a cursed -1 helm of brilliance B - a blessed +0 dwarvish cloak D - an uncursed +0 dwarvish cloak F - an uncursed +0 dwarvish cloak J - an uncursed +0 dwarvish cloak L - a cursed -4 dwarvish cloak M - an uncursed +0 pair of jumping boots (being worn) N - a blessed +0 orcish cloak Y - an uncursed +0 dwarvish mithril-coat (being worn) Z - an uncursed +0 dwarvish cloak Comestibles d - an uncursed lichen corpse o - an uncursed sprig of wolfsbane A - an uncursed fortune cookie R - an uncursed tin of large dog meat S - an uncursed mango W - an uncursed food ration Scrolls f - 2 uncursed scrolls of teleportation g - 2 uncursed scrolls of identify i - an uncursed scroll of remove curse j - an uncursed scroll of earth k - 2 uncursed scrolls of blank paper l - an uncursed scroll of light p - a cursed scroll of enchant armor G - a blessed scroll of blank paper Potions u - an uncursed potion of levitation H - a potion of holy water O - an uncursed potion of full healing T - an uncursed potion of blindness Rings s - an uncursed ring of free action Wands h - a wand of enlightenment (0:11) t - a wand of create monster (0:11) x - a wand of striking (0:4) I - a blessed wand of digging (0:6) K - a wand of fire (0:6) P - a wand of slow monster (0:7) Q - a wand of striking (0:2) V - a wand of cold (0:7) X - a wand of speed monster (0:5) Tools v - 10 uncursed tallow candles (0:200) y - an uncursed skeleton key U - a +0 pick-axe Spells and supernatural/magical abilities: Name Level Category Fail Memory W - pray for help -- divine ? -- Y - supernatural jump -- ability ? -- Your skills at the end: Miscellaneous Skills bare handed combat [Basic] Weapon Skills scimitar [Basic] club [Basic] spear [Basic] sling [Basic] Spellcasting Skills Final Attributes: You were piously aligned. You were cold resistant. You were poison resistant. You were blinded. You were telepathic. You had infravision. You were somewhat stealthy. You could jump. You were fast. You are dead. Vanquished creatures: a large dog a large cat a gnome king a yeti 2 dwarf lords a rock mole a rock piercer 5 gnome lords a gnomish wizard a golden naga hatchling a gray ooze a paper golem 3 giant ants a puppy 3 floating eyes 10 dwarves 2 iguanas a rothe a centipede 3 orc zombies 2 coyotes 3 gas spores a hobbit a gecko a hobgoblin 4 giant rats 3 cave spiders a brown mold a yellow mold a green mold 32 gnomes 4 manes 5 jackals a fox 4 newts 8 grid bugs 5 lichens a kobold zombie 119 creatures vanquished. Voluntary challenges: You did not adorn yourself with jewelry or accessories. You did not cause conflict. You were not invisible. You did not have reflection. You were not displaced. You used a wielded weapon 140 times, starting on turn 288. You did not use containers. You did not apply a unicorn horn. You did not use plumbed fixtures. You did not drink any magical draughts. You were illiterate. You never genocided any monsters. You never polymorphed an object. You never changed form. You used no wishes. You never split a pudding. You never wrote Elbereth's name. You never violated your personal moral code. Dungeon overview: The Dungeons of Doom: levels 1 to 5 Level 1 some fountains a long staircase Level 2 a general store, a fountain Level 3 (locked) a jewelry store Level 4 an armor shop stairs to The Gnomish Mines Level 5 an altar to Ishtar The Gnomish Mines: levels 5 to 10 Level 5 stairs to The Dungeons of Doom Level 6 Level 7 Level 9 <- You were here Level 10 History has recorded: On T:1 you entered the Dungeons of Doom to retrieve the Amulet of Yendor! On T:32 you reached level 2 of The Dungeons of Doom. On T:665 you reached level 3 of The Dungeons of Doom. On T:813 you advanced to experience level 2. On T:818 you reached level 4 of The Dungeons of Doom. On T:1116 you advanced to experience level 3. On T:1141 you reached level 5 of The Dungeons of Doom. On T:1189 you reached level 1 of The Gnomish Mines. On T:1681 you advanced to experience level 4. On T:1895 you advanced to experience level 5. On T:2123 you reached level 2 of The Gnomish Mines. On T:2555 you advanced to experience level 6. On T:2800 you reached level 3 of The Gnomish Mines. On T:3563 you advanced to experience level 7. On T:3688 you reached level 5 of The Gnomish Mines. On T:3738 you reached level 6 of The Gnomish Mines. Score breakdown: Gold: 182 ( 18 points) Experience: 7 levels ( 600 points) Exploration: 10 levels ( 270 points) Discoveries: 33 items ( 1650 points) Variety of kills: 38 monsters ( 1900 points) Major goal: (nothing yet) ( 0 points) Survival: died (score multiplied by 3) Total score: 13314 Latest messages: You have a little trouble lifting K - a glass wand. You see here a yeti corpse. This yeti corpse tastes terrible! You finish eating the yeti corpse. You feel full of hot air. One of your legs feels somewhat better. You stop exploring. Your leg feels somewhat better. Your movements are now unencumbered. You stop exploring. (2x) You are momentarily blinded by a flash of light! The jaguar claws you! The jaguar misses. The jaguar bites! You jab the jaguar. The jaguar misses. The jaguar claws you! The jaguar bites! The gnome lord punches you! The Grey-elf stabs you! You jab the jaguar. The jaguar claws you! (2x) The jaguar just misses! The gnome lord punches you! The Grey-elf stabs you! You die... Final status: Goodbye woodfighter the Cavewoman, killed by a Grey-elf... You died in The Gnomish Mines on dungeon level 9 with 13314 points, and 182 pieces of gold, after 3939 moves. You were level 7 with a maximum of 75 hit points when you died.